[ AOE2 MATCH · #476145719 ]
UnrankedVietnamese vs Britons
[ REPLAY ANALYSIS · EXTRACTED FROM THE RECORDED GAME ]
Feudal
9:07
Castle
23:43
Imperial
—
| APM avg | 34.0 |
| APM peak | 65 |
| eAPM avg | 17.5 |
| Villagers / military | 106 / 200 |
Focus
⚔️ 39.5% · 🌾 60.5%
Archer ×181 · Mangonel ×15 · Battering Ram ×2 · Scorpion ×1 · Skirmisher ×1
Feudal
8:54
Castle
27:03
Imperial
—
| APM avg | 62.8 |
| APM peak | 150 |
| eAPM avg | 22.8 |
| Villagers / military | 154 / 107 |
Focus
⚔️ 28.7% · 🌾 71.3%
Camel Scout ×79 · Scout Cavalry ×28
Feudal
9:09
Castle
27:17
Imperial
—
| APM avg | 48.5 |
| APM peak | 77 |
| eAPM avg | 22.9 |
| Villagers / military | 107 / 162 |
Focus
⚔️ 40.3% · 🌾 59.7%
Archer ×162
Feudal
9:40
Castle
25:08
Imperial
—
| APM avg | 56.5 |
| APM peak | 96 |
| eAPM avg | 18.6 |
| Villagers / military | 143 / 142 |
Focus
⚔️ 17.8% · 🌾 82.2%
Knight ×115 · Scout Cavalry ×26 · Spearman ×1
Feudal
8:59
Castle
24:23
Imperial
—
| APM avg | 46.8 |
| APM peak | 88 |
| eAPM avg | 22.9 |
| Villagers / military | 151 / 27 |
Focus
⚔️ 31.4% · 🌾 68.6%
Unknown (1944) ×129 · Scout Cavalry ×24 · Spearman ×3
Feudal
9:16
Castle
24:25
Imperial
—
| APM avg | 50.6 |
| APM peak | 102 |
| eAPM avg | 21.2 |
| Villagers / military | 95 / 153 |
Focus
⚔️ 50.8% · 🌾 49.2%
Knight ×131 · Scout Cavalry ×22
Feudal
8:54
Castle
25:36
Imperial
—
| APM avg | 61.1 |
| APM peak | 141 |
| eAPM avg | 15.3 |
| Villagers / military | 67 / 112 |
Focus
⚔️ 27.8% · 🌾 72.2%
Archer ×112
Feudal
9:33
Castle
24:59
Imperial
39:34
| APM avg | 56.3 |
| APM peak | 93 |
| eAPM avg | 21.8 |
| Villagers / military | 90 / 115 |
Focus
⚔️ 42.1% · 🌾 57.9%
Archer ×111 · Battering Ram ×4
Match map
Initial resources + every placement click. Lines = walls · curves = elevation contours. ◆ gold · ⬟ stone · ● berries · ✦ relic · ◌ wall gap
Your base· Open — 8t gap
SentinelChroner's base· Open — 3t gap
MZTK |_Angel_Tj's base· ✓ Closed at 27:17 · 30t walls · 2 gate(s)
_WizarD_Tj's base· Open — unwalled flank
Wolf Knight's base· Open — unwalled flank
MZTK | Only wall's base· ✓ Closed at 24:25 · 58t walls · 1 gate(s)
DiegoRosi's base· ✓ Closed at 25:36 · 28t walls · no gate
Manco 1 - Maupollo's base· ✓ Closed at 24:59 · 51t walls · 1 gate(s)
Smoothed initial terrain · ◌ = detected wall gap · hover for details
Inputs per minute
— Niros - - SentinelChroner
Build order — Niros
First 150 of 374 actions detected
| 0:00 | Queue | Villager (Male) ×4 |
| 0:02 | Build | House |
| 0:04 | Build | House |
| 1:24 | Queue | Villager (Male) |
| 1:43 | Build | Lumber Camp |
| 2:06 | Queue | Villager (Male) |
| 2:15 | Queue | Villager (Male) |
| 2:15 | Queue | Villager (Male) |
| 2:40 | Build | House |
| 2:47 | Queue | Villager (Male) |
| 3:03 | Queue | Villager (Male) |
| 3:46 | Queue | Villager (Male) |
| 4:07 | Queue | Villager (Male) |
| 4:28 | Build | House |
| 4:41 | Queue | Villager (Male) |
| 4:41 | Queue | Villager (Male) |
| 4:42 | Queue | Villager (Male) |
| 5:23 | Queue | Villager (Male) |
| 6:03 | Build | Mining Camp |
| 6:22 | Research | Loom |
| 6:22 | Research | Loom |
| 6:57 | Research | Feudal Age |
| 6:57 | Research | Feudal Age |
| 7:09 | Build | Barracks |
| 7:47 | Build | House |
| 7:48 | Build | Palisade Wall |
| 8:02 | Queue | Villager (Male) |
| 8:02 | Queue | Villager (Male) |
| 8:14 | Build | Palisade Wall |
| 8:36 | Build | House |
| 8:52 | Queue | Villager (Male) |
| 8:52 | Queue | Villager (Male) |
| 9:07 | Age | Feudal Age |
| 9:09 | Build | Archery Range |
| 9:26 | Build | House |
| 9:27 | Build | Palisade Wall |
| 9:34 | Queue | Villager (Male) |
| 9:37 | Build | Mill |
| 9:50 | Queue | Archer |
| 9:50 | Queue | Archer |
| 9:50 | Queue | Archer |
| 10:14 | Queue | Archer |
| 10:19 | Build | Archery Range |
| 10:27 | Queue | Villager (Male) |
| 10:51 | Queue | Archer |
| 10:53 | Queue | Villager (Male) |
| 11:14 | Build | Farm |
| 11:19 | Queue | Villager (Male) |
| 11:21 | Queue | Archer ×4 |
| 11:43 | Build | Palisade Wall |
| 11:44 | Build | Palisade Wall |
| 11:47 | Build | Palisade Wall |
| 11:50 | Queue | Villager (Male) |
| 12:00 | Queue | Archer |
| 12:14 | Queue | Villager (Male) |
| 12:16 | Build | House |
| 12:17 | Build | House |
| 12:20 | Queue | Archer |
| 12:38 | Build | Blacksmith |
| 12:48 | Queue | Villager (Male) |
| 12:52 | Build | Farm |
| 13:15 | Build | Farm |
| 13:16 | Queue | Archer |
| 13:17 | Queue | Villager (Male) |
| 13:22 | Build | House |
| 13:34 | Build | Farm |
| 13:41 | Research | Fletching |
| 13:41 | Research | Fletching |
| 14:04 | Queue | Archer |
| 14:08 | Build | House |
| 14:09 | Build | House |
| 14:17 | Queue | Villager (Male) |
| 14:19 | Build | Farm |
| 14:21 | Queue | Archer |
| 14:21 | Queue | Archer |
| 14:39 | Queue | Villager (Male) |
| 15:09 | Queue | Archer |
| 15:10 | Queue | Villager (Male) |
| 15:21 | Queue | Villager (Male) |
| 15:25 | Build | Farm |
| 15:26 | Build | Farm |
| 15:27 | Build | Farm |
| 15:28 | Build | Farm |
| 15:29 | Build | Farm |
| 15:34 | Research | Double-Bit Axe |
| 15:34 | Research | Double-Bit Axe |
| 15:35 | Queue | Archer |
| 15:45 | Build | House |
| 15:48 | Queue | Villager (Male) |
| 16:03 | Build | Farm |
| 16:07 | Queue | Villager (Male) |
| 16:15 | Build | Farm |
| 16:20 | Queue | Archer |
| 16:20 | Queue | Archer |
| 16:27 | Build | Palisade Wall |
| 16:29 | Build | Palisade Gate |
| 16:31 | Queue | Villager (Male) |
| 16:35 | Build | House |
| 16:40 | Queue | Archer |
| 16:40 | Queue | Archer |
| 16:49 | Queue | Villager (Male) |
| 16:49 | Queue | Villager (Male) |
| 17:03 | Queue | Villager (Male) |
| 17:05 | Queue | Archer |
| 17:10 | Build | House |
| 17:17 | Build | Farm |
| 17:18 | Build | Farm |
| 17:20 | Build | Farm |
| 17:35 | Queue | Archer |
| 17:36 | Queue | Villager (Male) |
| 17:36 | Queue | Villager (Male) |
| 18:00 | Research | Padded Archer Armor |
| 18:02 | Queue | Villager (Male) |
| 18:03 | Queue | Villager (Male) |
| 18:19 | Queue | Archer |
| 18:30 | Build | Farm |
| 18:32 | Build | Farm |
| 18:34 | Queue | Villager (Male) |
| 18:51 | Queue | Archer |
| 18:51 | Queue | Archer |
| 19:12 | Build | Mining Camp |
| 19:14 | Queue | Villager (Male) |
| 19:15 | Queue | Archer |
| 19:40 | Queue | Villager (Male) |
| 19:50 | Queue | Villager (Male) |
| 19:57 | Build | Market |
| 20:04 | Queue | Archer |
| 20:22 | Queue | Archer |
| 20:37 | Build | Farm |
| 21:03 | Research | Castle Age |
| 21:08 | Queue | Archer |
| 21:08 | Queue | Archer |
| 21:09 | Queue | Archer |
| 21:19 | Queue | Archer |
| 21:26 | Queue | Villager (Male) |
| 21:26 | Queue | Villager (Male) |
| 21:41 | Build | House |
| 21:42 | Build | House |
| 21:55 | Queue | Archer |
| 21:55 | Queue | Archer |
| 21:56 | Queue | Archer |
| 22:15 | Queue | Archer |
| 22:15 | Queue | Archer |
| 22:15 | Queue | Archer |
| 22:30 | Queue | Villager (Male) |
| 22:38 | Build | Lumber Camp |
| 22:50 | Research | Horse Collar |
| 22:50 | Research | Horse Collar |
| 22:57 | Build | Farm |
| 22:59 | Research | Gold Mining |
Build order — SentinelChroner
First 150 of 345 actions detected
| 0:01 | Queue | Villager (Male) |
| 0:01 | Queue | Villager (Male) |
| 0:03 | Build | House |
| 0:04 | Build | House |
| 0:43 | Queue | Villager (Male) |
| 0:43 | Queue | Villager (Male) |
| 1:19 | Queue | Villager (Male) |
| 1:19 | Queue | Villager (Male) |
| 1:28 | Queue | Villager (Male) |
| 1:28 | Queue | Villager (Male) |
| 1:52 | Build | Lumber Camp |
| 2:07 | Queue | Villager (Male) |
| 2:29 | Queue | Villager (Male) |
| 3:18 | Queue | Villager (Male) |
| 3:40 | Queue | Villager (Male) |
| 3:52 | Build | House |
| 3:55 | Queue | Villager (Male) |
| 4:27 | Queue | Villager (Male) |
| 4:45 | Queue | Villager (Male) |
| 4:45 | Queue | Villager (Male) |
| 5:22 | Queue | Villager (Male) |
| 5:32 | Build | Mill |
| 5:33 | Queue | Villager (Male) |
| 5:52 | Build | House |
| 5:57 | Build | House |
| 6:19 | Research | Loom |
| 6:43 | Research | Feudal Age |
| 6:44 | Research | Feudal Age |
| 7:31 | Build | Barracks |
| 8:42 | Queue | Villager (Male) |
| 8:43 | Queue | Villager (Male) |
| 8:54 | Age | Feudal Age |
| 8:56 | Build | Stable |
| 9:06 | Research | Double-Bit Axe |
| 9:36 | Research | Horse Collar |
| 9:40 | Queue | Scout Cavalry |
| 9:40 | Queue | Scout Cavalry |
| 9:43 | Queue | Villager (Male) |
| 9:43 | Queue | Villager (Male) |
| 10:25 | Queue | Villager (Male) |
| 10:36 | Build | Blacksmith |
| 10:55 | Build | House |
| 10:57 | Queue | Villager (Male) |
| 10:58 | Queue | Scout Cavalry |
| 11:15 | Build | Farm |
| 11:23 | Queue | Villager (Male) |
| 11:32 | Queue | Scout Cavalry |
| 11:35 | Build | Farm |
| 11:43 | Queue | Villager (Male) |
| 11:48 | Build | House |
| 12:04 | Queue | Villager (Male) |
| 12:08 | Build | Farm |
| 12:21 | Queue | Villager (Male) |
| 12:26 | Build | Farm |
| 12:26 | Queue | Villager (Male) |
| 12:33 | Build | Farm |
| 12:34 | Queue | Villager (Male) |
| 12:43 | Build | Farm |
| 12:56 | Queue | Scout Cavalry |
| 13:10 | Build | Farm |
| 13:10 | Build | Farm |
| 13:10 | Build | Farm |
| 13:20 | Queue | Scout Cavalry |
| 13:24 | Research | Forging |
| 13:27 | Queue | Villager (Male) |
| 13:37 | Queue | Scout Cavalry |
| 13:37 | Queue | Scout Cavalry |
| 14:01 | Build | Lumber Camp |
| 14:08 | Queue | Scout Cavalry |
| 14:32 | Queue | Villager (Male) |
| 14:34 | Queue | Villager (Male) |
| 14:42 | Build | Farm |
| 14:42 | Build | Farm |
| 14:42 | Build | Farm |
| 14:42 | Build | Farm |
| 15:09 | Queue | Scout Cavalry |
| 15:20 | Build | Mining Camp |
| 15:27 | Build | Farm |
| 15:35 | Queue | Villager (Male) |
| 15:42 | Build | Farm |
| 15:42 | Build | Farm |
| 15:43 | Build | Farm |
| 15:43 | Build | Farm |
| 15:46 | Build | House |
| 15:48 | Build | House |
| 15:51 | Queue | Villager (Male) |
| 16:21 | Queue | Scout Cavalry |
| 16:24 | Queue | Villager (Male) |
| 16:24 | Queue | Villager (Male) |
| 16:50 | Queue | Villager (Male) |
| 16:55 | Build | Farm |
| 16:58 | Build | Farm |
| 16:58 | Build | Farm |
| 16:58 | Build | Farm |
| 16:58 | Build | Farm |
| 16:59 | Build | Farm |
| 17:40 | Queue | Villager (Male) |
| 17:41 | Queue | Villager (Male) |
| 18:02 | Build | Farm |
| 18:02 | Build | Farm |
| 18:15 | Research | Bloodlines |
| 18:22 | Build | Stable |
| 18:23 | Build | Stable |
| 18:46 | Queue | Villager (Male) |
| 18:47 | Queue | Villager (Male) |
| 19:06 | Queue | Scout Cavalry ×5 |
| 19:20 | Queue | Villager (Male) |
| 19:22 | Queue | Scout Cavalry ×2 |
| 19:22 | Queue | Scout Cavalry ×2 |
| 19:34 | Queue | Villager (Male) |
| 20:01 | Research | Scale Barding Armor |
| 20:05 | Queue | Scout Cavalry |
| 20:18 | Build | Mill |
| 20:18 | Build | Farm |
| 20:19 | Build | Farm |
| 20:19 | Build | Farm |
| 20:19 | Build | Farm |
| 20:19 | Build | Farm |
| 20:22 | Queue | Scout Cavalry |
| 20:33 | Queue | Villager (Male) |
| 20:33 | Queue | Villager (Male) |
| 20:36 | Build | House |
| 20:37 | Build | House |
| 20:50 | Build | House |
| 20:52 | Build | House |
| 20:55 | Queue | Villager (Male) |
| 21:05 | Build | Farm |
| 21:06 | Queue | Villager (Male) |
| 21:13 | Build | House |
| 21:14 | Build | House |
| 21:37 | Queue | Villager (Male) |
| 21:37 | Queue | Villager (Male) |
| 21:49 | Queue | Scout Cavalry |
| 21:50 | Queue | Scout Cavalry |
| 21:56 | Queue | Villager (Male) |
| 22:00 | Build | Farm |
| 22:01 | Build | Farm |
| 22:04 | Build | House |
| 22:05 | Build | House |
| 22:19 | Queue | Villager (Male) |
| 22:39 | Build | Farm |
| 23:06 | Build | Lumber Camp |
| 23:11 | Build | Lumber Camp |
| 23:11 | Queue | Villager (Male) |
| 23:28 | Queue | Villager (Male) |
| 23:39 | Build | Farm |
| 23:39 | Build | Farm |
| 23:40 | Build | Farm |
| 23:45 | Build | Farm |
| 24:14 | Research | Castle Age |
Build order — MZTK |_Angel_Tj
First 150 of 391 actions detected
| 0:01 | Queue | Villager (Male) |
| 0:02 | Queue | Villager (Male) |
| 0:04 | Build | House |
| 0:11 | Build | House |
| 0:11 | Build | House |
| 0:51 | Queue | Villager (Male) |
| 0:51 | Queue | Villager (Male) |
| 0:52 | Queue | Villager (Male) |
| 1:31 | Queue | Villager (Male) |
| 1:32 | Queue | Villager (Male) |
| 1:59 | Queue | Villager (Male) |
| 1:59 | Queue | Villager (Male) |
| 2:13 | Queue | Villager (Male) |
| 2:14 | Queue | Villager (Male) |
| 2:20 | Build | Lumber Camp |
| 2:40 | Queue | Villager (Male) |
| 2:41 | Queue | Villager (Male) |
| 2:50 | Queue | Villager (Male) |
| 2:50 | Queue | Villager (Male) |
| 3:13 | Queue | Villager (Male) |
| 3:13 | Queue | Villager (Male) |
| 3:45 | Queue | Villager (Male) |
| 3:46 | Queue | Villager (Male) |
| 3:56 | Queue | Villager (Male) |
| 3:56 | Queue | Villager (Male) |
| 4:26 | Queue | Villager (Male) |
| 4:26 | Queue | Villager (Male) |
| 4:30 | Build | Mill |
| 4:52 | Queue | Villager (Male) |
| 4:52 | Queue | Villager (Male) |
| 5:42 | Queue | Villager (Male) |
| 6:10 | Research | Loom |
| 6:29 | Build | Mining Camp |
| 6:59 | Research | Feudal Age |
| 6:59 | Research | Feudal Age |
| 7:08 | Build | House |
| 7:47 | Build | Barracks |
| 8:05 | Build | House |
| 9:00 | Queue | Villager (Male) |
| 9:02 | Queue | Villager (Male) |
| 9:09 | Age | Feudal Age |
| 9:16 | Build | Archery Range |
| 9:47 | Queue | Villager (Male) |
| 10:07 | Build | Archery Range |
| 10:12 | Queue | Villager (Male) |
| 10:39 | Queue | Villager (Male) |
| 10:41 | Queue | Archer |
| 10:41 | Queue | Archer |
| 10:45 | Research | Double-Bit Axe |
| 10:46 | Research | Double-Bit Axe |
| 11:00 | Build | Palisade Wall |
| 11:08 | Build | Palisade Gate |
| 11:10 | Queue | Archer |
| 11:11 | Queue | Archer |
| 11:26 | Queue | Villager (Male) |
| 11:26 | Queue | Villager (Male) |
| 11:44 | Queue | Archer |
| 11:44 | Queue | Archer |
| 11:45 | Queue | Archer |
| 11:54 | Build | House |
| 12:35 | Queue | Villager (Male) |
| 12:35 | Queue | Villager (Male) |
| 12:49 | Build | Blacksmith |
| 13:01 | Build | Farm |
| 13:02 | Queue | Archer |
| 13:04 | Queue | Archer |
| 13:20 | Build | House |
| 13:31 | Build | Farm |
| 14:11 | Queue | Archer |
| 14:12 | Queue | Archer |
| 14:12 | Queue | Archer |
| 14:12 | Queue | Archer |
| 14:13 | Queue | Archer |
| 14:13 | Queue | Archer |
| 14:32 | Queue | Archer |
| 14:33 | Queue | Archer |
| 14:33 | Queue | Archer |
| 14:41 | Research | Padded Archer Armor |
| 14:41 | Research | Padded Archer Armor |
| 15:24 | Build | Farm |
| 15:25 | Build | Farm |
| 15:26 | Build | Farm |
| 15:28 | Queue | Archer |
| 15:28 | Queue | Archer |
| 15:39 | Queue | Villager (Male) |
| 15:39 | Queue | Villager (Male) |
| 15:54 | Build | Farm |
| 15:54 | Build | Farm |
| 16:06 | Build | House |
| 16:13 | Queue | Archer |
| 16:23 | Queue | Villager (Male) |
| 16:37 | Build | House |
| 16:38 | Build | House |
| 16:45 | Queue | Villager (Male) |
| 16:46 | Queue | Villager (Male) |
| 16:46 | Queue | Villager (Male) |
| 16:52 | Build | Farm |
| 17:06 | Queue | Archer |
| 17:07 | Queue | Villager (Male) |
| 17:08 | Queue | Villager (Male) |
| 17:31 | Queue | Villager (Male) |
| 17:59 | Queue | Villager (Male) |
| 18:13 | Build | Palisade Wall |
| 18:16 | Build | House |
| 18:28 | Queue | Villager (Male) |
| 18:32 | Queue | Archer |
| 18:32 | Queue | Archer |
| 18:33 | Queue | Archer |
| 19:11 | Queue | Villager (Male) |
| 19:12 | Queue | Archer |
| 19:13 | Queue | Archer |
| 19:14 | Queue | Villager (Male) |
| 19:17 | Build | Farm |
| 19:18 | Build | Farm |
| 19:19 | Build | Farm |
| 19:21 | Build | Farm |
| 19:40 | Queue | Villager (Male) |
| 19:44 | Research | Fletching |
| 19:45 | Research | Fletching |
| 19:48 | Build | House |
| 19:56 | Queue | Archer |
| 19:56 | Queue | Archer |
| 19:57 | Queue | Archer |
| 19:57 | Queue | Archer |
| 19:57 | Queue | Archer |
| 20:00 | Queue | Villager (Male) |
| 20:11 | Queue | Archer |
| 20:11 | Queue | Archer |
| 20:12 | Queue | Archer |
| 20:21 | Queue | Villager (Male) |
| 20:27 | Build | Lumber Camp |
| 20:31 | Build | House |
| 20:39 | Queue | Archer |
| 20:40 | Queue | Archer |
| 20:41 | Queue | Villager (Male) |
| 20:45 | Research | Horse Collar |
| 20:59 | Build | House |
| 21:17 | Queue | Archer |
| 21:17 | Queue | Archer |
| 21:26 | Queue | Villager (Male) |
| 21:35 | Build | Farm |
| 21:36 | Build | Farm |
| 21:38 | Queue | Villager (Male) |
| 21:44 | Build | Palisade Wall |
| 21:59 | Build | Farm |
| 22:00 | Build | Farm |
| 22:04 | Build | Farm |
| 22:04 | Build | Farm |
| 22:08 | Queue | Villager (Male) |
| 22:23 | Build | House |
Build order — _WizarD_Tj
First 150 of 385 actions detected
| 0:00 | Queue | Villager (Male) |
| 0:00 | Queue | Villager (Male) |
| 0:00 | Queue | Villager (Male) |
| 0:01 | Queue | Villager (Male) |
| 0:02 | Build | House |
| 0:03 | Build | House |
| 1:25 | Queue | Villager (Male) |
| 1:26 | Queue | Villager (Male) |
| 1:46 | Build | Lumber Camp |
| 2:00 | Queue | Villager (Male) |
| 2:00 | Queue | Villager (Male) |
| 2:17 | Queue | Villager (Male) |
| 2:17 | Queue | Villager (Male) |
| 2:47 | Queue | Villager (Male) |
| 2:47 | Queue | Villager (Male) |
| 3:03 | Queue | Villager (Male) |
| 3:03 | Queue | Villager (Male) |
| 3:23 | Build | House |
| 3:37 | Queue | Villager (Male) |
| 3:51 | Queue | Villager (Male) |
| 3:51 | Queue | Villager (Male) |
| 3:56 | Build | Mill |
| 4:28 | Queue | Villager (Male) |
| 5:22 | Queue | Villager (Male) |
| 5:23 | Queue | Villager (Male) |
| 5:23 | Queue | Villager (Male) |
| 5:45 | Queue | Villager (Male) |
| 5:45 | Queue | Villager (Male) |
| 6:02 | Queue | Villager (Male) |
| 6:49 | Research | Loom |
| 6:49 | Research | Loom |
| 7:30 | Research | Feudal Age |
| 7:30 | Research | Feudal Age |
| 7:46 | Build | Lumber Camp |
| 8:37 | Build | Barracks |
| 8:46 | Queue | Villager (Male) |
| 9:12 | Queue | Villager (Male) |
| 9:26 | Build | House |
| 9:40 | Age | Feudal Age |
| 9:48 | Build | Stable |
| 9:51 | Research | Double-Bit Axe |
| 9:52 | Research | Double-Bit Axe |
| 9:54 | Research | Horse Collar |
| 9:54 | Research | Horse Collar |
| 10:00 | Build | Farm |
| 10:25 | Build | House |
| 10:30 | Build | Farm |
| 10:44 | Queue | Scout Cavalry |
| 10:45 | Queue | Scout Cavalry |
| 10:45 | Queue | Scout Cavalry |
| 10:56 | Queue | Villager (Male) |
| 11:00 | Build | Farm |
| 11:05 | Queue | Spearman |
| 11:17 | Queue | Villager (Male) |
| 11:26 | Build | Farm |
| 11:34 | Queue | Scout Cavalry |
| 11:40 | Build | Farm |
| 11:43 | Build | Farm |
| 11:50 | Build | House |
| 11:55 | Queue | Villager (Male) |
| 12:01 | Build | Farm |
| 12:10 | Queue | Villager (Male) |
| 12:20 | Build | House |
| 12:29 | Build | Farm |
| 12:32 | Build | Farm |
| 12:34 | Build | Farm |
| 12:38 | Queue | Scout Cavalry |
| 12:38 | Queue | Villager (Male) |
| 13:12 | Queue | Villager (Male) |
| 13:12 | Queue | Villager (Male) |
| 13:20 | Build | Farm |
| 13:21 | Build | Farm |
| 13:25 | Queue | Scout Cavalry |
| 13:25 | Queue | Scout Cavalry |
| 13:32 | Queue | Villager (Male) |
| 13:45 | Build | Farm |
| 14:06 | Queue | Villager (Male) |
| 14:35 | Queue | Scout Cavalry |
| 14:35 | Queue | Scout Cavalry |
| 14:40 | Queue | Villager (Male) |
| 14:57 | Queue | Villager (Male) |
| 15:03 | Queue | Villager (Male) |
| 15:16 | Build | Farm |
| 15:17 | Build | Farm |
| 15:20 | Build | Farm |
| 15:30 | Queue | Scout Cavalry |
| 15:33 | Build | House |
| 15:36 | Build | Blacksmith |
| 15:37 | Build | House |
| 15:42 | Queue | Villager (Male) |
| 15:47 | Build | Farm |
| 15:49 | Build | Farm |
| 16:07 | Queue | Villager (Male) |
| 16:19 | Build | House |
| 16:28 | Queue | Villager (Male) |
| 16:34 | Build | Mining Camp |
| 16:41 | Queue | Villager (Male) |
| 16:45 | Queue | Scout Cavalry |
| 16:46 | Queue | Scout Cavalry |
| 17:01 | Build | Stable |
| 17:20 | Queue | Villager (Male) |
| 17:25 | Research | Scale Barding Armor |
| 17:36 | Queue | Scout Cavalry |
| 17:36 | Queue | Scout Cavalry |
| 17:54 | Build | House |
| 17:57 | Queue | Villager (Male) |
| 18:09 | Queue | Villager (Male) |
| 18:13 | Build | Farm |
| 18:14 | Build | Farm |
| 18:16 | Build | Farm |
| 18:22 | Build | House |
| 18:23 | Build | House |
| 18:29 | Research | Bloodlines |
| 18:30 | Research | Bloodlines |
| 18:45 | Queue | Villager (Male) |
| 18:53 | Queue | Scout Cavalry |
| 18:54 | Queue | Scout Cavalry |
| 19:02 | Queue | Villager (Male) |
| 19:08 | Research | Wheelbarrow |
| 19:34 | Queue | Scout Cavalry |
| 19:34 | Queue | Scout Cavalry |
| 19:35 | Queue | Scout Cavalry |
| 19:45 | Build | House |
| 19:51 | Queue | Villager (Male) |
| 20:06 | Build | Market |
| 20:15 | Queue | Villager (Male) |
| 20:16 | Queue | Scout Cavalry |
| 20:16 | Queue | Scout Cavalry |
| 20:17 | Queue | Scout Cavalry |
| 20:30 | Queue | Villager (Male) |
| 21:00 | Queue | Villager (Male) |
| 21:04 | Queue | Scout Cavalry |
| 21:04 | Queue | Scout Cavalry |
| 21:06 | Queue | Scout Cavalry |
| 21:06 | Queue | Scout Cavalry |
| 21:07 | Queue | Villager (Male) |
| 21:21 | Queue | Villager (Male) |
| 21:24 | Build | Farm |
| 21:36 | Build | House |
| 21:45 | Build | Farm |
| 21:53 | Queue | Villager (Male) |
| 22:07 | Build | Farm |
| 22:28 | Research | Castle Age |
| 22:28 | Research | Castle Age |
| 22:32 | Build | Farm |
| 22:34 | Build | Farm |
| 22:36 | Build | House |
| 23:39 | Queue | Villager (Male) |
| 23:40 | Build | Farm |
| 23:41 | Build | Farm |
Build order — Wolf Knight
First 150 of 475 actions detected
| 0:02 | Queue | Villager (Male) |
| 0:02 | Queue | Villager (Male) |
| 0:03 | Queue | Villager (Male) |
| 0:03 | Queue | Villager (Male) |
| 0:03 | Queue | Villager (Male) |
| 0:04 | Build | House |
| 0:05 | Build | House |
| 1:26 | Queue | Villager (Male) |
| 1:26 | Queue | Villager (Male) |
| 2:05 | Build | Lumber Camp |
| 2:08 | Queue | Villager (Male) |
| 2:08 | Queue | Villager (Male) |
| 2:26 | Queue | Villager (Male) |
| 2:26 | Queue | Villager (Male) |
| 2:46 | Queue | Villager (Male) |
| 3:19 | Queue | Villager (Male) |
| 3:20 | Queue | Villager (Male) |
| 3:20 | Queue | Villager (Male) |
| 3:51 | Queue | Villager (Male) |
| 3:52 | Queue | Villager (Male) |
| 4:11 | Build | House |
| 4:33 | Queue | Villager (Male) |
| 4:33 | Queue | Villager (Male) |
| 4:33 | Queue | Villager (Male) |
| 4:42 | Build | Mill |
| 5:37 | Queue | Villager (Male) |
| 5:39 | Research | Loom |
| 6:49 | Research | Feudal Age |
| 7:45 | Queue | Villager (Male) |
| 7:49 | Build | Barracks |
| 8:03 | Build | House |
| 8:59 | Age | Feudal Age |
| 9:02 | Build | Stable |
| 9:18 | Queue | Villager (Male) |
| 9:27 | Research | Double-Bit Axe |
| 9:27 | Research | Double-Bit Axe |
| 9:40 | Build | House |
| 9:45 | Queue | Villager (Male) |
| 9:59 | Research | Horse Collar |
| 10:01 | Queue | Villager (Male) |
| 10:04 | Queue | Scout Cavalry |
| 10:04 | Queue | Scout Cavalry |
| 10:17 | Queue | Villager (Male) |
| 10:23 | Build | House |
| 10:24 | Build | House |
| 10:29 | Build | House |
| 10:52 | Queue | Scout Cavalry |
| 10:56 | Build | House |
| 11:00 | Build | Palisade Wall |
| 11:02 | Queue | Villager (Male) |
| 11:06 | Build | Farm |
| 11:23 | Queue | Villager (Male) |
| 11:33 | Build | Farm |
| 11:35 | Queue | Scout Cavalry |
| 11:41 | Build | Farm |
| 11:44 | Build | Farm |
| 12:02 | Queue | Villager (Male) |
| 12:02 | Queue | Villager (Male) |
| 12:06 | Build | Farm |
| 12:18 | Build | Farm |
| 12:22 | Build | Farm |
| 12:25 | Queue | Villager (Male) |
| 12:33 | Queue | Spearman |
| 12:34 | Build | Palisade Wall |
| 12:36 | Build | Palisade Wall |
| 12:38 | Build | Palisade Wall |
| 12:51 | Queue | Scout Cavalry |
| 12:51 | Queue | Scout Cavalry |
| 12:57 | Build | Farm |
| 12:59 | Build | Farm |
| 13:10 | Queue | Villager (Male) |
| 13:30 | Queue | Villager (Male) |
| 13:37 | Queue | Scout Cavalry |
| 13:38 | Build | Farm |
| 13:47 | Queue | Spearman |
| 14:01 | Queue | Villager (Male) |
| 14:02 | Queue | Scout Cavalry |
| 14:11 | Build | Farm |
| 14:19 | Build | House |
| 14:22 | Queue | Villager (Male) |
| 14:36 | Queue | Villager (Male) |
| 14:37 | Queue | Scout Cavalry |
| 15:01 | Queue | Villager (Male) |
| 15:06 | Build | Farm |
| 15:07 | Build | Farm |
| 15:07 | Build | Farm |
| 15:07 | Build | Farm |
| 15:07 | Build | Farm |
| 15:08 | Build | Farm |
| 15:08 | Build | Farm |
| 15:08 | Build | Farm |
| 15:11 | Build | Farm |
| 15:26 | Queue | Scout Cavalry |
| 15:39 | Queue | Villager (Male) |
| 15:44 | Queue | Scout Cavalry |
| 15:44 | Queue | Scout Cavalry |
| 15:53 | Build | Blacksmith |
| 16:04 | Queue | Villager (Male) |
| 16:15 | Build | Farm |
| 16:18 | Queue | Scout Cavalry |
| 16:19 | Queue | Villager (Male) |
| 16:32 | Build | House |
| 16:33 | Build | House |
| 16:38 | Build | Farm |
| 16:42 | Build | Farm |
| 16:49 | Build | House |
| 16:54 | Build | Mining Camp |
| 16:54 | Queue | Villager (Male) |
| 16:56 | Queue | Scout Cavalry |
| 17:14 | Queue | Villager (Male) |
| 17:22 | Queue | Scout Cavalry |
| 17:23 | Queue | Spearman |
| 17:28 | Build | House |
| 17:29 | Queue | Villager (Male) |
| 17:36 | Build | Farm |
| 17:49 | Queue | Scout Cavalry |
| 17:50 | Queue | Villager (Male) |
| 17:59 | Build | House |
| 18:03 | Build | Farm |
| 18:05 | Build | Farm |
| 18:11 | Queue | Villager (Male) |
| 18:21 | Queue | Scout Cavalry |
| 18:21 | Queue | Villager (Male) |
| 18:21 | Queue | Villager (Male) |
| 18:35 | Research | Wheelbarrow |
| 18:55 | Research | Scale Barding Armor |
| 19:04 | Build | Farm |
| 19:06 | Build | Farm |
| 19:08 | Queue | Scout Cavalry |
| 19:25 | Queue | Scout Cavalry |
| 19:49 | Research | Bloodlines |
| 19:56 | Queue | Villager (Male) |
| 19:59 | Build | House |
| 20:05 | Build | Farm |
| 20:07 | Queue | Villager (Male) |
| 20:33 | Build | Farm |
| 20:38 | Queue | Villager (Male) |
| 20:40 | Build | House |
| 20:41 | Build | House |
| 20:43 | Build | House |
| 20:44 | Build | House |
| 20:48 | Build | House |
| 20:49 | Build | House |
| 20:51 | Research | Town Watch |
| 21:17 | Build | Stable |
| 21:20 | Build | Stable |
| 21:34 | Build | Farm |
| 21:43 | Research | Castle Age |
| 21:44 | Research | Castle Age |
| 21:58 | Queue | Villager (Male) |
Build order — MZTK | Only wall
First 150 of 359 actions detected
| 0:00 | Queue | Villager (Male) |
| 0:01 | Queue | Villager (Male) |
| 0:01 | Queue | Villager (Male) |
| 0:03 | Build | House |
| 0:05 | Build | House |
| 0:05 | Queue | Villager (Male) |
| 1:31 | Queue | Villager (Male) |
| 2:02 | Queue | Villager (Male) |
| 2:05 | Build | Lumber Camp |
| 2:31 | Queue | Villager (Male) |
| 2:31 | Queue | Villager (Male) |
| 2:34 | Build | House |
| 3:08 | Queue | Villager (Male) |
| 3:12 | Queue | Villager (Male) |
| 3:47 | Queue | Villager (Male) |
| 4:06 | Queue | Villager (Male) |
| 4:06 | Queue | Villager (Male) |
| 4:15 | Build | Mill |
| 4:22 | Queue | Villager (Male) |
| 4:48 | Build | House |
| 5:05 | Queue | Villager (Male) |
| 5:41 | Queue | Villager (Male) |
| 6:31 | Queue | Villager (Male) |
| 7:00 | Research | Feudal Age |
| 7:37 | Build | Lumber Camp |
| 8:33 | Build | Barracks |
| 9:01 | Build | House |
| 9:02 | Research | Loom |
| 9:16 | Age | Feudal Age |
| 9:19 | Research | Double-Bit Axe |
| 9:32 | Build | Stable |
| 9:40 | Queue | Villager (Male) |
| 9:50 | Build | Palisade Wall |
| 9:51 | Build | Palisade Gate |
| 9:54 | Build | House |
| 9:55 | Build | House |
| 10:00 | Queue | Villager (Male) |
| 10:14 | Build | House |
| 10:16 | Build | House |
| 10:23 | Build | Palisade Wall |
| 10:24 | Queue | Scout Cavalry |
| 10:24 | Queue | Scout Cavalry |
| 10:24 | Queue | Scout Cavalry |
| 10:25 | Queue | Villager (Male) |
| 10:26 | Queue | Villager (Male) |
| 10:36 | Build | Farm |
| 10:38 | Build | Farm |
| 10:43 | Queue | Villager (Male) |
| 10:50 | Build | Palisade Wall |
| 11:00 | Queue | Villager (Male) |
| 11:09 | Build | Farm |
| 11:25 | Queue | Scout Cavalry |
| 11:31 | Build | Farm |
| 11:38 | Queue | Villager (Male) |
| 12:04 | Queue | Scout Cavalry |
| 12:08 | Build | Farm |
| 12:17 | Queue | Villager (Male) |
| 12:23 | Build | House |
| 12:24 | Build | House |
| 12:28 | Build | Palisade Wall |
| 12:31 | Queue | Scout Cavalry |
| 12:38 | Build | Farm |
| 12:40 | Build | Farm |
| 12:46 | Queue | Villager (Male) |
| 12:48 | Build | Farm |
| 12:57 | Build | Farm |
| 13:17 | Queue | Villager (Male) |
| 13:23 | Build | Palisade Wall |
| 13:23 | Queue | Villager (Male) |
| 13:25 | Build | Stable |
| 13:47 | Queue | Villager (Male) |
| 13:48 | Queue | Villager (Male) |
| 13:51 | Build | Farm |
| 14:23 | Queue | Villager (Male) |
| 14:28 | Build | Farm |
| 14:32 | Build | Farm |
| 14:33 | Build | Farm |
| 14:37 | Build | House |
| 14:40 | Build | Palisade Wall |
| 14:42 | Build | Palisade Wall |
| 14:57 | Queue | Scout Cavalry |
| 14:57 | Queue | Scout Cavalry |
| 14:58 | Queue | Scout Cavalry |
| 15:07 | Queue | Villager (Male) |
| 15:09 | Build | Farm |
| 15:11 | Build | Farm |
| 15:12 | Build | Farm |
| 15:14 | Build | Farm |
| 15:30 | Queue | Scout Cavalry |
| 15:32 | Queue | Villager (Male) |
| 15:35 | Build | Farm |
| 15:53 | Queue | Villager (Male) |
| 15:56 | Build | Mining Camp |
| 16:03 | Build | Blacksmith |
| 16:07 | Queue | Scout Cavalry |
| 16:37 | Queue | Scout Cavalry |
| 16:37 | Queue | Scout Cavalry |
| 16:49 | Research | Scale Barding Armor |
| 16:54 | Queue | Villager (Male) |
| 16:55 | Queue | Villager (Male) |
| 17:37 | Queue | Villager (Male) |
| 17:39 | Build | Farm |
| 17:41 | Build | Farm |
| 17:42 | Build | Farm |
| 17:53 | Queue | Scout Cavalry |
| 17:53 | Queue | Scout Cavalry |
| 17:53 | Queue | Scout Cavalry |
| 18:09 | Queue | Scout Cavalry |
| 18:10 | Queue | Scout Cavalry |
| 18:15 | Build | Farm |
| 18:16 | Queue | Villager (Male) |
| 18:35 | Build | Farm |
| 18:54 | Queue | Villager (Male) |
| 19:17 | Queue | Scout Cavalry |
| 19:18 | Queue | Scout Cavalry |
| 19:19 | Queue | Villager (Male) |
| 19:43 | Queue | Scout Cavalry |
| 19:43 | Queue | Scout Cavalry |
| 19:49 | Queue | Villager (Male) |
| 19:52 | Build | Farm |
| 20:17 | Queue | Villager (Male) |
| 20:51 | Build | Farm |
| 21:45 | Research | Castle Age |
| 21:53 | Build | Stable |
| 21:56 | Build | Stable |
| 22:01 | Research | Forging |
| 22:23 | Research | Gold Mining |
| 22:40 | Build | Stable |
| 23:01 | Queue | Villager (Male) |
| 23:30 | Build | Farm |
| 23:32 | Build | Farm |
| 23:33 | Queue | Villager (Male) |
| 23:57 | Build | Farm |
| 23:59 | Queue | Villager (Male) |
| 24:25 | Age | Castle Age |
| 24:28 | Queue | Knight |
| 24:28 | Queue | Knight |
| 24:28 | Queue | Knight |
| 24:28 | Queue | Knight |
| 24:29 | Queue | Knight |
| 24:29 | Queue | Knight |
| 24:33 | Research | Chain Barding Armor |
| 24:34 | Research | Bow Saw |
| 24:36 | Queue | Villager (Male) |
| 24:45 | Build | Town Center |
| 24:50 | Queue | Villager (Male) |
| 24:55 | Queue | Knight |
| 24:56 | Queue | Knight |
| 24:56 | Queue | Knight |
| 24:56 | Queue | Knight |
Build order — DiegoRosi
First 150 of 198 actions detected
| 0:00 | Queue | Villager (Male) |
| 0:01 | Queue | Villager (Male) |
| 0:01 | Queue | Villager (Male) |
| 0:01 | Queue | Villager (Male) |
| 0:02 | Build | House |
| 0:03 | Build | House |
| 1:19 | Queue | Villager (Male) |
| 1:19 | Queue | Villager (Male) |
| 1:48 | Queue | Villager (Male) |
| 2:15 | Queue | Villager (Male) |
| 2:40 | Build | Lumber Camp |
| 2:45 | Queue | Villager (Male) |
| 2:46 | Queue | Villager (Male) |
| 3:24 | Queue | Villager (Male) |
| 3:24 | Queue | Villager (Male) |
| 3:49 | Build | House |
| 4:01 | Queue | Villager (Male) |
| 4:01 | Queue | Villager (Male) |
| 4:42 | Build | Mining Camp |
| 5:22 | Queue | Villager (Male) |
| 5:23 | Queue | Villager (Male) |
| 6:06 | Research | Loom |
| 6:44 | Research | Feudal Age |
| 6:45 | Research | Feudal Age |
| 7:07 | Build | Barracks |
| 7:33 | Build | House |
| 8:32 | Build | Palisade Wall |
| 8:54 | Age | Feudal Age |
| 8:56 | Build | Archery Range |
| 8:58 | Build | Archery Range |
| 8:59 | Queue | Villager (Male) |
| 9:00 | Queue | Villager (Male) |
| 9:18 | Queue | Villager (Male) |
| 9:31 | Build | Blacksmith |
| 10:02 | Queue | Archer ×4 |
| 10:12 | Build | House |
| 10:13 | Queue | Villager (Male) |
| 10:41 | Research | Fletching |
| 10:41 | Research | Fletching |
| 11:00 | Build | House |
| 11:05 | Build | House |
| 11:07 | Build | House |
| 11:10 | Build | Palisade Wall |
| 11:14 | Queue | Villager (Male) |
| 11:17 | Queue | Archer |
| 11:17 | Queue | Archer |
| 11:36 | Build | Mill |
| 11:43 | Build | House |
| 11:44 | Queue | Villager (Male) |
| 11:44 | Queue | Villager (Male) |
| 11:46 | Queue | Archer ×2 |
| 11:59 | Queue | Archer |
| 12:15 | Queue | Villager (Male) |
| 12:20 | Build | Palisade Wall |
| 12:25 | Queue | Archer |
| 12:26 | Queue | Archer |
| 12:36 | Build | House |
| 13:15 | Queue | Archer ×2 |
| 13:42 | Queue | Villager (Male) |
| 13:45 | Queue | Archer ×2 |
| 14:22 | Queue | Archer ×3 |
| 14:23 | Queue | Villager (Male) |
| 14:55 | Build | Farm |
| 14:56 | Build | Farm |
| 14:57 | Queue | Villager (Male) |
| 14:59 | Queue | Archer ×2 |
| 15:19 | Queue | Archer |
| 15:26 | Build | Farm |
| 15:34 | Build | Watch Tower |
| 15:39 | Build | Lumber Camp |
| 15:43 | Queue | Villager (Male) |
| 15:43 | Queue | Villager (Male) |
| 15:58 | Queue | Archer |
| 16:05 | Queue | Villager (Male) |
| 16:15 | Build | Farm |
| 16:29 | Queue | Archer |
| 16:52 | Queue | Villager (Male) |
| 16:54 | Queue | Archer |
| 17:33 | Queue | Villager (Male) |
| 17:33 | Queue | Villager (Male) |
| 17:38 | Build | Farm |
| 17:41 | Build | Farm |
| 17:58 | Queue | Archer ×3 |
| 17:58 | Queue | Archer ×3 |
| 18:02 | Build | Farm |
| 18:03 | Queue | Villager (Male) |
| 18:14 | Queue | Archer |
| 18:14 | Queue | Archer |
| 18:20 | Build | Palisade Wall |
| 18:32 | Build | Farm |
| 18:32 | Queue | Villager (Male) |
| 18:40 | Build | House |
| 19:00 | Queue | Villager (Male) |
| 19:00 | Queue | Villager (Male) |
| 19:02 | Build | Farm |
| 19:04 | Queue | Archer ×3 |
| 19:14 | Build | Market |
| 19:21 | Queue | Villager (Male) |
| 19:35 | Queue | Villager (Male) |
| 19:36 | Build | Farm |
| 19:37 | Queue | Villager (Male) |
| 19:54 | Build | Farm |
| 19:56 | Queue | Villager (Male) |
| 20:02 | Build | Farm |
| 20:07 | Build | House |
| 20:13 | Queue | Archer ×4 |
| 20:25 | Build | Farm |
| 20:36 | Build | Palisade Wall |
| 20:52 | Build | House |
| 21:19 | Queue | Villager (Male) |
| 21:20 | Queue | Villager (Male) |
| 21:24 | Build | Farm |
| 21:29 | Build | Palisade Wall |
| 21:35 | Build | House |
| 21:39 | Queue | Archer ×5 |
| 21:54 | Build | House |
| 21:55 | Build | House |
| 21:57 | Build | Palisade Wall |
| 22:01 | Build | Farm |
| 22:06 | Queue | Villager (Male) |
| 22:31 | Build | House |
| 22:42 | Queue | Villager (Male) |
| 22:44 | Build | Farm |
| 22:56 | Research | Castle Age |
| 22:56 | Research | Castle Age |
| 23:02 | Build | Palisade Wall |
| 23:14 | Research | Double-Bit Axe |
| 23:45 | Build | Archery Range |
| 23:47 | Research | Padded Archer Armor |
| 23:49 | Queue | Archer |
| 23:49 | Queue | Archer |
| 24:05 | Research | Gold Mining |
| 24:22 | Queue | Archer ×5 |
| 24:43 | Queue | Archer |
| 24:43 | Queue | Archer |
| 25:20 | Queue | Archer |
| 25:22 | Queue | Archer |
| 25:28 | Queue | Villager (Male) |
| 25:29 | Queue | Villager (Male) |
| 25:36 | Age | Castle Age |
| 25:40 | Build | University |
| 25:44 | Research | Crossbowman (upgrade) |
| 25:53 | Research | Bodkin Arrow |
| 25:53 | Research | Bodkin Arrow |
| 26:17 | Queue | Archer ×2 |
| 27:28 | Queue | Archer ×5 |
| 27:28 | Queue | Archer ×5 |
| 28:09 | Queue | Villager (Male) |
| 28:10 | Queue | Villager (Male) |
| 28:10 | Queue | Villager (Male) |
Build order — Manco 1 - Maupollo
First 150 of 369 actions detected
| 0:01 | Research | Loom |
| 0:01 | Research | Loom |
| 0:03 | Build | House |
| 0:04 | Build | House |
| 0:26 | Queue | Villager (Male) |
| 0:28 | Queue | Villager (Male) |
| 0:28 | Queue | Villager (Male) |
| 0:28 | Queue | Villager (Male) |
| 1:24 | Queue | Villager (Male) |
| 1:53 | Build | Lumber Camp |
| 2:05 | Queue | Villager (Male) |
| 2:07 | Queue | Villager (Male) |
| 2:55 | Queue | Villager (Male) |
| 2:56 | Queue | Villager (Male) |
| 3:31 | Queue | Villager (Male) |
| 3:50 | Build | House |
| 3:56 | Build | House |
| 3:57 | Build | House |
| 4:08 | Queue | Villager (Male) |
| 4:18 | Build | Mill |
| 4:25 | Queue | Villager (Male) |
| 4:25 | Queue | Villager (Male) |
| 4:57 | Build | Palisade Wall |
| 5:01 | Queue | Villager (Male) |
| 5:02 | Queue | Villager (Male) |
| 5:02 | Queue | Villager (Male) |
| 5:23 | Queue | Villager (Male) |
| 5:23 | Queue | Villager (Male) |
| 6:02 | Queue | Villager (Male) |
| 6:03 | Queue | Villager (Male) |
| 7:23 | Research | Feudal Age |
| 8:42 | Build | Mining Camp |
| 8:51 | Build | Barracks |
| 8:59 | Build | Palisade Wall |
| 9:15 | Build | Palisade Wall |
| 9:27 | Queue | Villager (Male) |
| 9:31 | Queue | Villager (Male) |
| 9:33 | Age | Feudal Age |
| 9:47 | Build | Archery Range |
| 9:55 | Queue | Villager (Male) |
| 10:01 | Build | Palisade Wall |
| 10:21 | Build | Palisade Wall |
| 10:25 | Build | Archery Range |
| 10:26 | Queue | Villager (Male) |
| 10:36 | Queue | Villager (Male) |
| 10:53 | Queue | Archer |
| 10:54 | Queue | Archer |
| 11:00 | Build | House |
| 11:28 | Queue | Archer |
| 11:30 | Build | House |
| 11:33 | Queue | Archer |
| 11:33 | Queue | Archer |
| 11:43 | Queue | Archer |
| 11:47 | Build | Palisade Wall |
| 11:55 | Queue | Archer |
| 12:06 | Build | Palisade Gate |
| 12:10 | Queue | Villager (Male) |
| 12:10 | Queue | Villager (Male) |
| 12:19 | Build | Blacksmith |
| 12:27 | Queue | Archer |
| 12:28 | Queue | Villager (Male) |
| 12:46 | Build | Palisade Wall |
| 12:49 | Build | Palisade Wall |
| 12:51 | Queue | Villager (Male) |
| 13:04 | Research | Fletching |
| 13:38 | Build | House |
| 13:48 | Queue | Villager (Male) |
| 13:57 | Queue | Villager (Male) |
| 14:28 | Queue | Villager (Male) |
| 14:54 | Queue | Villager (Male) |
| 15:06 | Build | Farm |
| 15:10 | Queue | Villager (Male) |
| 15:44 | Build | House |
| 15:46 | Build | House |
| 15:46 | Build | House |
| 15:47 | Build | House |
| 15:48 | Build | House |
| 15:54 | Build | House |
| 15:55 | Build | House |
| 16:07 | Build | Farm |
| 16:08 | Build | Farm |
| 16:11 | Build | Farm |
| 16:12 | Build | Farm |
| 16:19 | Queue | Archer |
| 16:19 | Queue | Archer |
| 16:19 | Queue | Archer |
| 16:33 | Queue | Archer |
| 16:35 | Queue | Villager (Male) |
| 16:55 | Research | Padded Archer Armor |
| 16:58 | Build | House |
| 17:24 | Queue | Villager (Male) |
| 17:26 | Queue | Archer |
| 17:27 | Queue | Archer |
| 17:27 | Queue | Archer |
| 17:27 | Queue | Archer |
| 17:27 | Queue | Archer |
| 17:35 | Build | House |
| 17:41 | Queue | Archer |
| 17:48 | Build | House |
| 17:54 | Queue | Villager (Male) |
| 17:55 | Queue | Villager (Male) |
| 17:55 | Queue | Villager (Male) |
| 18:13 | Build | House |
| 18:22 | Build | Farm |
| 18:22 | Build | Farm |
| 18:23 | Build | Farm |
| 18:23 | Build | Farm |
| 18:24 | Build | Farm |
| 18:27 | Build | Farm |
| 18:31 | Queue | Archer |
| 18:32 | Queue | Archer |
| 18:34 | Build | Farm |
| 18:49 | Queue | Villager (Male) |
| 18:58 | Queue | Archer |
| 18:59 | Queue | Archer |
| 18:59 | Queue | Archer |
| 19:12 | Build | Farm |
| 19:39 | Queue | Archer |
| 19:39 | Queue | Archer |
| 19:40 | Queue | Villager (Male) |
| 19:40 | Queue | Villager (Male) |
| 20:01 | Queue | Archer |
| 20:01 | Queue | Archer |
| 20:04 | Build | Farm |
| 20:27 | Build | Farm |
| 20:28 | Build | Farm |
| 21:04 | Queue | Archer |
| 21:04 | Queue | Archer |
| 21:10 | Build | Farm |
| 21:52 | Queue | Archer |
| 21:52 | Queue | Archer |
| 21:53 | Queue | Archer |
| 21:53 | Queue | Archer |
| 21:54 | Queue | Villager (Male) |
| 21:58 | Research | Castle Age |
| 22:18 | Build | Lumber Camp |
| 22:23 | Queue | Archer |
| 22:23 | Queue | Archer |
| 22:27 | Build | Palisade Wall |
| 22:37 | Research | Gold Mining |
| 22:40 | Queue | Archer |
| 23:05 | Queue | Archer |
| 23:07 | Queue | Archer |
| 23:36 | Queue | Archer |
| 23:36 | Queue | Archer |
| 23:58 | Queue | Archer |
| 23:58 | Queue | Archer |
| 24:05 | Research | Double-Bit Axe |
| 24:05 | Research | Double-Bit Axe |
| 24:17 | Queue | Archer |
Match timeline
| 4:57 | Manco 1 - Maupollo · wall_segment Palisade Wall x4 |
| 7:07 | DiegoRosi · first_building Barracks |
| 7:09 | Niros · first_building Barracks |
| 7:31 | SentinelChroner · first_building Barracks |
| 7:47 | MZTK |_Angel_Tj · first_building Barracks |
| 7:48 | Niros · wall_segment Palisade Wall x1 |
| 7:49 | Wolf Knight · first_building Barracks |
| 8:14 | Niros · wall_segment Palisade Wall x9 |
| 8:32 | DiegoRosi · wall_segment Palisade Wall x1 |
| 8:33 | MZTK | Only wall · first_building Barracks |
| 8:37 | _WizarD_Tj · first_building Barracks |
| 8:51 | Manco 1 - Maupollo · first_building Barracks |
| 8:54 | SentinelChroner · age_up feudal |
| 8:54 | DiegoRosi · age_up feudal |
| 8:56 | SentinelChroner · first_building Stable |
| 8:56 | DiegoRosi · first_building Archery Range |
| 8:59 | Wolf Knight · age_up feudal |
| 8:59 | Manco 1 - Maupollo · wall_segment Palisade Wall x1 |
| 9:02 | Wolf Knight · first_building Stable |
| 9:07 | Niros · age_up feudal |
| 9:09 | MZTK |_Angel_Tj · age_up feudal |
| 9:09 | Niros · first_building Archery Range |
| 9:15 | Manco 1 - Maupollo · wall_segment Palisade Wall x3 |
| 9:16 | MZTK | Only wall · age_up feudal |
| 9:16 | MZTK |_Angel_Tj · first_building Archery Range |
| 9:27 | Niros · wall_segment Palisade Wall x1 |
| 9:32 | MZTK | Only wall · first_building Stable |
| 9:33 | Manco 1 - Maupollo · age_up feudal |
| 9:40 | _WizarD_Tj · age_up feudal |
| 9:47 | Manco 1 - Maupollo · first_building Archery Range |
| 9:48 | _WizarD_Tj · first_building Stable |
| 9:50 | MZTK | Only wall · wall_segment Palisade Wall x6 |
| 10:01 | Manco 1 - Maupollo · wall_segment Palisade Wall x8 |
| 10:21 | Manco 1 - Maupollo · wall_segment Palisade Wall x15 |
| 10:23 | MZTK | Only wall · wall_segment Palisade Wall x15 |
| 10:50 | MZTK | Only wall · wall_segment Palisade Wall x10 |
| 11:00 | MZTK |_Angel_Tj · wall_segment Palisade Wall x13 |
| 11:00 | Wolf Knight · wall_segment Palisade Wall x16 |
| 11:10 | DiegoRosi · wall_segment Palisade Wall x4 |
| 11:43 | Niros · wall_segment Palisade Wall x1 |
| 11:44 | Niros · wall_segment Palisade Wall x9 |
| 11:47 | Manco 1 - Maupollo · wall_segment Palisade Wall x1 |
| 11:47 | Niros · wall_segment Palisade Wall x3 |
| 12:20 | DiegoRosi · wall_segment Palisade Wall x6 |
| 12:28 | MZTK | Only wall · wall_segment Palisade Wall x3 |
| 12:34 | Wolf Knight · wall_segment Palisade Wall x1 |
| 12:36 | Wolf Knight · wall_segment Palisade Wall x1 |
| 12:38 | Wolf Knight · wall_segment Palisade Wall x1 |
| 12:46 | Manco 1 - Maupollo · wall_segment Palisade Wall x6 |
| 12:49 | Manco 1 - Maupollo · wall_segment Palisade Wall x13 |
| 13:23 | MZTK | Only wall · wall_segment Palisade Wall x6 |
| 14:40 | MZTK | Only wall · wall_segment Palisade Wall x13 |
| 14:42 | MZTK | Only wall · wall_segment Palisade Wall x5 |
| 16:27 | Niros · wall_segment Palisade Wall x10 |
| 18:13 | MZTK |_Angel_Tj · wall_segment Palisade Wall x6 |
| 18:20 | DiegoRosi · wall_segment Palisade Wall x1 |
| 20:29 | DiegoRosi · first_market_sell 100 wood |
| 20:36 | DiegoRosi · wall_segment Palisade Wall x3 |
| 21:00 | Niros · first_market_sell 100 food |
| 21:29 | DiegoRosi · wall_segment Palisade Wall x8 |
| 21:44 | MZTK |_Angel_Tj · wall_segment Palisade Wall x11 |
| 21:57 | DiegoRosi · wall_segment Palisade Wall x1 |
| 22:22 | DiegoRosi · first_market_buy 100 food |
| 22:27 | Manco 1 - Maupollo · wall_segment Palisade Wall x1 |
| 23:02 | DiegoRosi · wall_segment Palisade Wall x5 |
| 23:43 | Niros · age_up castle |
| 24:23 | Wolf Knight · age_up castle |
| 24:25 | MZTK | Only wall · age_up castle |
| 24:59 | Manco 1 - Maupollo · age_up castle |
| 25:08 | _WizarD_Tj · age_up castle |
| 25:14 | Niros · first_market_buy 100 wood |
| 25:36 | DiegoRosi · age_up castle |
| 27:03 | SentinelChroner · age_up castle |
| 27:17 | MZTK |_Angel_Tj · age_up castle |
| 27:37 | Niros · first_building Siege Workshop |
| 29:24 | _WizarD_Tj · wall_segment Palisade Wall x2 |
| 32:48 | _WizarD_Tj · first_market_sell 100 food |
| 36:03 | Manco 1 - Maupollo · first_building Siege Workshop |
| 37:05 | DiegoRosi · wall_segment Palisade Wall x1 |
| 38:08 | SentinelChroner · first_market_buy 100 stone |
| 38:15 | MZTK | Only wall · first_market_sell 500 food |
| 39:34 | Manco 1 - Maupollo · age_up imperial |
| 40:02 | _WizarD_Tj · first_building Monastery |
| 41:59 | Wolf Knight · first_market_sell 100 food |
| 42:00 | Wolf Knight · first_market_buy 100 wood |
| 42:07 | Wolf Knight · first_building Monastery |
| 43:12 | SentinelChroner · first_building Castle |
| 43:38 | SentinelChroner · resign |
[ AI ANALYSIS · 1 CREDIT ]
What really happened in this match?
Wolo.gg analyzes every decision: build order, eco, micro, common mistakes by bracket. Personalized analysis on WhatsApp or Discord in 30 seconds.
Civ guide
Vietnamese
Perfil
Jugador #656283